 Dungeon Crawl Stone Soup version 0.30-a0-341-g682706514a (webtiles) character file.

Game seed: 5343240221680988121

7435 avis the Severer (level 11, -10/89 HPs)
             Began as a Hill Orc Monk on Nov 1, 2022.
             Was an Elder of Beogh.
             Killed from afar by an ice statue (21 damage)
             ... with a bolt of cold
             ... in an ice cave on Nov 2, 2022.
             The game lasted 01:38:42 (13766 turns).

avis the Severer (Hill Orc Monk)                   Turns: 13766, Time: 01:38:44

Health: -10/89     AC: 20    Str: 23    XL:     11   Next: 15%
Magic:  15/15      EV:  4    Int: 10    God:    Beogh [****..]
Gold:   746        SH:  0    Dex: 13    Spells: 10/10 levels left

rFire   . . .      SeeInvis .    a - +2 hand axe (elec)
rCold   . . .      Faith    .    (no shield)
rNeg    . . .      Spirit   .    X - +0 crystal plate armour
rPois   .          Reflect  .    S - +0 helmet
rElec   .          Harm     .    n - +0 cloak
rCorr   .          Rampage  .    V - +0 pair of gloves "Ebloulud" {Contam Str+4}
Will    +....                    (no boots)
Stlth   ..........               p - amulet of regeneration
HPRegen 1.14/turn                Q - ring of willpower
MPRegen 0.14/turn                (no ring)

@: no status effects
A: no striking features
a: Renounce Religion, Smiting, Recall Orcish Followers


You were in an ice cave.
You worshipped Beogh.
Beogh was greatly pleased with you.
You visited 2 branches of the dungeon, and saw 12 of its levels.
You also visited: Ossuary, Bailey and Ice Cave.

You collected 746 gold pieces.

Inventory:

Hand Weapons
 a - a +2 hand axe of electrocution (weapon)
 b - a +0 battleaxe
 w - a +1 sling of electrocution
Missiles
 e - 18 poisoned darts
 l - 4 datura-tipped darts
 s - 6 javelins
 t - 4 atropa-tipped darts
 v - 16 boomerangs (quivered)
Armour
 n - a +0 cloak (worn)
 S - a +0 helmet (worn)
 V - the +0 pair of gloves "Ebloulud" (worn) {Contam Str+4}
   (You found it in a bailey)

   Str:       It affects your strength (+4).
   Contam:    It causes magical contamination when unequipped.
 X - a +0 crystal plate armour (worn)
Jewellery
 p - an amulet of regeneration (around neck)
 Q - a ring of willpower (left hand)
Wands
 j - a wand of mindburst (10)
 x - a wand of paralysis (15)
 z - a wand of acid (3)
 A - a wand of roots (9)
 B - a wand of flame (11)
 J - a wand of polymorph (4)
 O - a wand of digging (4)
Scrolls
 r - 6 scrolls of teleportation
 y - 3 scrolls of fog {unknown}
 C - a scroll of fear {unknown}
 E - 2 scrolls of summoning {unknown}
 F - 2 scrolls of amnesia {unknown}
 H - a scroll of blinking {unknown}
Potions
 c - a potion of ambrosia
 d - 2 potions of berserk rage
 f - 2 potions of flight
 g - a potion of lignification
 h - 3 potions of attraction {unknown}
 i - 2 potions of cancellation
 k - a potion of resistance {unknown}
 m - 4 potions of heal wounds
 o - 10 potions of curing
 q - 3 potions of brilliance
 u - 3 potions of haste
 D - a potion of experience {unknown}


   Skills:
 - Level 6.1 Fighting
 + Level 19.0 Axes
 - Level 5.0 Armour
 - Level 2.4 Dodging
 - Level 1.5 Stealth
 - Level 6.3 Invocations


You had 10 spell levels left.
You didn't know any spells.
Your spell library contained the following spells:

 Spells                   Type           Power      Damage    Failure   Level
 Stone Arrow              Conj/Erth      0%         3d7       100%        3
 Animate Armour           Summ/Erth      0%         N/A       100%        4
 Animate Dead             Necr           0%         N/A       100%        4
 Borgnjor's Vile Clutch   Necr/Erth      0%         N/A       100%        5
 Death Channel            Necr           0%         N/A       100%        6
 Lehudib's Crystal Spear  Conj/Erth      0%         10d2      100%        8


Dungeon Overview and Level Annotations

Branches:
Dungeon (11/15)            Temple (1/1) D:6            Lair (0/5) D:11
    Orc (0/2) D:9         Ossuary (visited)          Bailey (visited)
  IceCv (1/1)

Altars:
Ashenzari
Cheibriados
Dithmenos
Elyvilon
Fedhas
Gozag
Hepliaklqana
Kikubaaqudgha
Makhleb
Nemelex Xobeh
Okawaru
Qazlal
Ru
Sif Muna
Trog
Uskayaw
Vehumet
Wu Jian
Xom
Yredelemnul
Zin
The Shining One

Shops:
D:8 *

Annotations:
IceCv exclusion: 2 ice statues


Message History

The ice beast hits you but does no damage. x2
The ice beast hits you. The ice beast freezes you!
You are engulfed in freezing vapours.
The ice beast hits you but does no damage.
The ice beast attacks as you move away!
The ice beast hits you but does no damage.
You slash the ice beast!
You kill the ice beast!
The ice beast disappears in a puff of smoke!
You slash the ice beast!
You kill the ice beast!
The ice beast disappears in a puff of smoke!
You slash the ice beast!
The ice beast is heavily wounded.
You hit the ice beast.
Lightning courses through the ice beast!
You kill the ice beast!
The ice beast disappears in a puff of smoke!
Really walk into a travel-excluded area?
The ice statue glitters chillingly in the dim dungeon light.
The ice statue gestures at you.
You hit the ice statue.
The ice statue is almost destroyed.
You are engulfed in freezing vapours.
You hit the ice statue but do no damage.
The ice statue is almost destroyed.
You are engulfed in freezing vapours.
You hit the ice statue but do no damage.
The ice statue is almost destroyed.
You are engulfed in freezing vapours.
* * * LOW HITPOINT WARNING * * *
The ice statue gestures at you. The bolt of cold misses you.
You hit the ice statue.
The ice statue is almost destroyed.
You are engulfed in freezing vapours.
* * * LOW HITPOINT WARNING * * *
The ice statue gestures at you. The bolt of cold hits you!!
You die...

##.... #Z. ##.....# ≈≈##
#......8 #≈≈# ####
#......###≈≈#######..##
#.......#..≈##..##....#
##....°....###..........
#.....°°°...#§......∩.∩.
#.....○○○##....##.......
#.....°@####..#####....#
##...○..8# #### ##..##
##.#.#### #### # ##


You could see 2 ice statues.

Vanquished Creatures
  An orc knight (Bailey)
  A gargoyle (D:11)
  A rime drake (D:11)
  An ice devil (IceCv)
  Sigmund (D:2)
  2 wyverns
  A yak (D:9)
  A steam dragon (D:7)
  An acid dragon (D:10)
  4 water moccasins
  A black bear (D:5)
  2 orc warriors
  A sky beast (D:8)
  3 centaurs
  An ogre (D:6)
  2 phantoms
  5 bullfrogs
  Blork the orc (D:5)
  2 necrophages
  2 two-headed ogre simulacra (IceCv)
  A scorpion (D:7)
  7 wights (D:8)
  A troll zombie (Ossuary)
  An elephant simulacrum (IceCv)
  8 howler monkeys
  2 centaur zombies (Ossuary)
  3 hounds
  Crazy Yiuf (D:2)
  2 orc priests
  3 iguanas
  A jelly (D:4)
  3 orc wizards
  A troll simulacrum (IceCv)
  A spriggan simulacrum (IceCv)
  2 ogre zombies (Ossuary)
  7 mummies (Ossuary)
  3 adders
  A naga simulacrum (IceCv)
  3 white imps
  2 ufetubi
  2 adder zombies (Ossuary)
  3 worms
  A dart slug (D:2)
  16 orcs
  7 endoplasms
  A giant cockroach (D:1)
  10 goblins
  8 hobgoblins
  5 kobolds
  A quokka (D:2)
  6 ball pythons
  7 bats
  3 frilled lizards
  7 goblin zombies (Ossuary)
  2 hobgoblin zombies (Ossuary)
  4 kobold zombies (Ossuary)
  4 quokka zombies (Ossuary)
  4 rats
  6 rat zombies (Ossuary)
  A spectral goblin (D:8)
185 creatures vanquished.

Vanquished Creatures (collateral kills)
  A two-headed ogre (D:9)
  A cyclops (D:10)
  A rime drake (D:11)
  Psyche (D:10)
  3 yaks (D:9)
  4 orc warriors
  A sky beast (D:6)
  A bullfrog (D:9)
  A necrophage (D:8)
  2 wights (D:8)
  3 howler monkeys
  A hound (D:5)
  An orc priest (D:5)
  2 iguanas (D:6)
  An orc wizard (D:7)
  A white imp (D:6)
  10 orcs
  A goblin (D:8)
  2 hobgoblins (D:7)
38 creatures vanquished.

Vanquished Creatures (others)
  An orc knight (Bailey)
  2 orc warriors (D:7)
  An orc priest (D:2)
  2 orc wizards
  11 orcs
  A frilled lizard (D:2)
  A rat (D:2)
19 creatures vanquished.

Grand Total: 242 creatures vanquished

Notes
Turn   | Place    | Note
-------+----------+-------------------------------------------
     0 | D:1      | avis the Hill Orc Monk began the quest for the Orb.
     0 | D:1      | Reached XP level 1. HP: 19/19 MP: 1/1
   443 | D:1      | Reached XP level 2. HP: 27/27 MP: 2/2
   812 | D:1      | Reached skill level 5 in Axes
  1439 | D:2      | Reached XP level 3. HP: 10/33 MP: 3/3
  1608 | D:2      | Became a worshipper of Beogh the Brigand
  1608 | D:2      | Reached * piety under Beogh
  1608 | D:2      | Reached ** piety under Beogh
  1709 | D:2      | Found a faded altar of an unknown god.
  1801 | D:2      | Noticed Sigmund
  1872 | D:2      | Killed Sigmund
  1873 | D:2      | Reached skill level 7 in Axes
  1873 | D:2      | Reached XP level 4. HP: 28/40 MP: 3/5
  1873 | D:2      | Reached XP level 5. HP: 33/46 MP: 3/6
  2093 | D:2      | Found a runed translucent door.
  2094 | D:2      | Noticed Crazy Yiuf
  2198 | D:2      | Killed Crazy Yiuf
  2421 | D:3      | Found a glowing golden altar of the Shining One.
  2439 | D:3      | Found a faded altar of an unknown god.
  2442 | D:3      | Found a white marble altar of Elyvilon.
  2727 | D:3      | Reached skill level 8 in Axes
  2920 | D:3      | Reached XP level 6. HP: 52/52 MP: 7/7
  3102 | D:4      | Reached skill level 9 in Axes
  3391 | D:4      | Reached *** piety under Beogh
  3405 | D:4      | Reached XP level 7. HP: 60/60 MP: 8/8
  3845 | D:5      | Entered Level 5 of the Dungeon
  3986 | D:5      | Reached skill level 5 in Fighting
  3986 | D:5      | Reached skill level 10 in Axes
  4211 | D:5      | Reached skill level 11 in Axes
  4242 | D:5      | Noticed Blork the orc
  4255 | D:5      | Killed Blork the orc
  4256 | D:5      | Reached XP level 8. HP: 38/68 MP: 9/9
  5018 | D:6      | Reached skill level 12 in Axes
  5949 | D:6      | Found a staircase to the Ecumenical Temple.
  5958 | Temple   | Entered the Ecumenical Temple
  5958 | Temple   | Found a transporter.
  5958 | Temple   | Found a transporter.
  5960 | Temple   | Found a transporter.
  5960 | Temple   | Found a transporter.
  6262 | D:7      | Found a flagged portal.
  6288 | Bailey   | Entered a bailey
  6377 | Bailey   | Noticed an orc knight
  6546 | Bailey   | Noticed an orc knight
  6590 | Bailey   | Killed an orc knight
  6591 | Bailey   | Reached skill level 14 in Axes
  6591 | Bailey   | Reached skill level 5 in Invocations
  6591 | Bailey   | Reached XP level 9. HP: 30/74 MP: 2/12
  6919 | Bailey   | Identified the +0 pair of gloves "Ebloulud" {Contam Str+4}
  7709 | D:7      | Reached skill level 15 in Axes
  7865 | D:7      | Reached skill level 1 in Armour
  8631 | D:8      | Found a radiant altar of Vehumet.
  8668 | D:8      | Found a sand-covered staircase.
  8680 | Ossuary  | Entered an ossuary
  9029 | Ossuary  | Reached **** piety under Beogh
  9525 | D:8      | Reached XP level 10. HP: 73/83 MP: 14/14
  9544 | D:8      | Found a bloodstained altar of Trog.
  9592 | D:8      | Found Rommuudd's Fire Supplies.
  9675 | D:8      | Found an ornate altar of the Wu Jian Council.
  9681 | D:8      | Reached skill level 5 in Armour
  9913 | D:8      | Found an iron altar of Okawaru.
 10010 | D:8      | Found a hazy altar of Hepliaklqana.
 10341 | D:9      | Found a staircase to the Orcish Mines.
 10356 | D:9      | Gained Bogbarth as an ally
 10359 | D:9      | Reached skill level 16 in Axes
 11361 | D:9      | Found a sacrificial altar of Ru.
 11575 | D:9      | Noticed a two-headed ogre
 11581 | D:9      | Killed a two-headed ogre
 11582 | D:9      | Reached skill level 17 in Axes
 11799 | D:10     | Entered Level 10 of the Dungeon
 11851 | D:10     | Noticed Psyche
 11855 | D:10     | Noticed a cyclops
 11858 | D:10     | Killed Psyche
 11861 | D:10     | Killed a cyclops
 12646 | D:10     | Found a hide-covered altar of Uskayaw.
 12868 | D:10     | Gained Berold as an ally
 12869 | D:10     | Reached skill level 18 in Axes
 13550 | D:11     | Noticed a gargoyle
 13567 | D:11     | Killed a gargoyle
 13568 | D:11     | Reached XP level 11. HP: 14/89 MP: 11/15
 13572 | D:11     | Noticed a boulder beetle
 13640 | D:11     | Found a frozen archway.
 13662 | IceCv    | Entered an ice cave
 13714 | IceCv    | Reached skill level 19 in Axes
 13766 | IceCv    | Killed from afar by an ice statue

Illustrated notes

Levels and vault maps discovered:
D:1:      lightli_molten_gateway, layout_basic
D:2:      layout_rooms, hellmonk_ecumenical_altar_slurped_away,
          uniq_crazy_yiuf_cottage, uniq_sigmund
D:3:      layout_loops_ring, tso_metal_star, nicolae_overflow_ecumenical_swirl
D:4:      layout_basic
D:5:      layout_basic, minmay_liquid_box, uniq_blork_the_orc
D:6:      layout_cave_pods, minmay_temple_entry_enclosed_plants, st_stairs_10,
          minivault_14
D:7:      layout_gridville, enter_bailey_4
D:8:      layout_gridville, nicolae_hepliaklqana_monster_ancestors,
          okawaru_trees_1, mainiacjoe_overflow_catwalk,
          mainiacjoe_overflow_large_starburst, enter_ossuary_5,
          nicolae_shop_fire_sale [nicolae_sub_dead_trees], bh_walls_and_bars
D:9:      layout_irregular_city, mainiacjoe_overflow_brackets, orc_0_dummy
D:10:     layout_loops_ring, general_overflow_altar, uniq_psyche
D:11:     layout_small_grid, lair_entry_dummy, portal_ice_cave_rime,
          dreamdust_princess_bridge
Temple:   hellmonk_temple_divided_pantheon
IceCv:    ice_cave_small_demon

Skill      XL: |  1  2  3  4  5  6  7  8  9 10 11 |
---------------+----------------------------------+-----
Axes           | 5 7 8 9 11 14 15 18 19 | 19.0
Fighting       | 4 5 6 |  6.1
Invocations    | 2 5 6 |  6.3
Armour         | 4 5 |  5.0
Dodging        | |  2.4
Stealth        | |  1.5

Action                   |  1- 3 |  4- 6 |  7- 9 | 10-12 || total
-------------------------+-------+-------+-------+-------++-------
Melee: Hand axe          |   108 |   108 |   289 |   213 ||   718
       Punch             |       |     3 |     1 |     4 ||     8
Throw: Boomerang         |       |     8 |       |       ||     8
Invok: Convert to Beogh  |     1 |       |       |       ||     1
       Smiting           |       |       |     6 |     1 ||     7
       Recall Orcish Fol |       |       |       |     4 ||     4
       Stop Recall       |       |       |       |     4 ||     4
  Use: Scroll            |     7 |       |     9 |     1 ||    17
 Stab: Distracted        |       |       |     1 |     1 ||     2
Armor: Ring mail         |    24 |    21 |    16 |       ||    61
       Scale mail        |       |       |    19 |       ||    19
       Crystal plate arm |       |       |    76 |   117 ||   193
Dodge: Dodged            |    45 |    46 |    71 |    25 ||   187

Table legend: (Time is in decaauts)
 A = Elapsed time spent in this place.
 B = Non-inter-level travel time spent in this place.
 C = Inter-level travel time spent in this place.
 D = Time resting spent in this place.
 E = Time spent auto-exploring this place.
 F = Levels seen in this place.
 G = Mean time per level.
                   A        B        C        D        E       F      G
               +--------+--------+--------+--------+--------+-----+--------+
         Total |  13632 |  10720 |   2912 |    803 |   5176 |  15 |  908.8 |
       Dungeon |  11626 |   8715 |   2911 |    696 |   5176 |  11 | 1056.9 |
        Temple |    343 |    342 |      1 |      0 |      0 |   1 |  343.0 |
       Ossuary |    738 |    738 |      0 |      0 |      0 |   1 |  738.0 |
        Bailey |    843 |    843 |      0 |    107 |      0 |   1 |  843.0 |
      Ice Cave |     80 |     80 |      0 |      0 |      0 |   1 |   80.0 |
               +--------+--------+--------+--------+--------+-----+--------+

Top non-repeatable levels by time:
     D:6: 2027 daAuts
     D:7: 1455 daAuts
     D:1: 1383 daAuts
     D:5: 1151 daAuts
     D:9: 1143 daAuts
     D:8: 1035 daAuts
     D:2: 982 daAuts
     D:4: 951 daAuts
  Bailey: 843 daAuts
    D:10: 778 daAuts
 Ossuary: 738 daAuts
     D:3: 624 daAuts
  Temple: 343 daAuts
    D:11: 92 daAuts
   IceCv: 80 daAuts
